 Dungeon Crawl Stone Soup version 0.30-a0-824-g6c64550be9 (webtiles) character file.

Game seed: 15947366406730234539

32 Zenkrye the Poker (level 3, -2/24 (29) HPs)
             Began as a Human Cinder Acolyte on Feb 27, 2023.
             Was a High Priest of Ignis.
             Slain by Natasha (5 damage)
             ... on level 2 of the Dungeon.
             The game lasted 00:02:25 (1111 turns).

Zenkrye the Poker (Human Cinder Acolyte)            Turns: 1111, Time: 00:02:26

HP:   -2/24 (29)    AC:  6    Str: 16    XL:     3   Next: 45%
MP:   0/4           EV: 10    Int: 14    God:    Ignis [*****.]
Gold: 57            SH:  0    Dex:  8    Spells: 2/4 levels left

rFire   + . .      SeeInvis .    a - -1 spear (flame)
rCold   . . .      Faith    .    (no shield)
rNeg    . . .      Spirit   .    e - +1 ring mail
rPois   .          Reflect  .    (no helmet)
rElec   .          Harm     .    (no cloak)
rCorr   .          Rampage  .    (no gloves)
Will    .....                    (no boots) Stlth
                                 (no amulet)
HPRegen 0.24/turn                (no ring)
MPRegen 0.09/turn                (no ring)

@: very slightly contaminated, heavily drained
A: no striking features
a: Renounce Religion, Fiery Armour, Foxfire Swarm, Rising Flame


You were on level 2 of the Dungeon.
You worshipped Ignis.
Ignis was extremely pleased with you.
You visited 1 branch of the dungeon, and saw 2 of its levels.

You collected 57 gold pieces.

Inventory:

Hand Weapons
 a - a -1 spear of flaming (weapon)
 d - a +0 spear
Missiles
 c - 2 javelins
 g - a throwing net {!f}
 i - 3 boomerangs (quivered)
Armour
 b - a +0 robe
 e - a +1 ring mail (worn)
Potions
 f - a potion of heal wounds {unknown}


   Skills:
 - Level 3.0 Fighting
 + Level 4.3 Polearms
 - Level 1.0 Spellcasting
 - Level 3.0 Fire Magic


You had 2 spell levels left.
You knew the following spells:

 Your Spells              Type           Power      Damage    Failure   Level
a - Scorch                Fire           18%        2d5       22%         2

Your spell library contained the following spells:

 Spells                   Type           Power      Damage    Failure   Level
 Call Canine Familiar     Summ           0%         N/A       83%         3
 Portal Projectile        Hex/Tloc       0%         N/A       83%         3
 Leda's Liquefaction      Hex/Erth       0%         N/A       99%         4


Dungeon Overview and Level Annotations

Branches:
Dungeon (2/15)

Altars:

Annotations:
D:2 Natasha


Message History

You start putting on your armour.
You continue putting on your +1 ring mail. x5
You finish putting on your +1 ring mail.
Done exploring.
There is a stone staircase leading down here.
You climb downwards.
Found a short sword.
There is a stone staircase leading up here.
You now have 57 gold pieces (gained 4).
Natasha, Servant of Life and Death comes into view.
Natasha hisses angrily.
Casting: Scorch (safe; 22% risk of failure)
Confirm with . or Enter, or press ? or * to list all spells.
Flames lash Natasha.
Natasha is severely wounded.
Natasha's fire resistance burns away.
Natasha claws you but does no damage.
Casting: Scorch (safe; 22% risk of failure)
Confirm with . or Enter, or press ? or * to list all spells.
You miscast Scorch.
You are very lightly contaminated with residual magic.
Nothing appears to happen.
Natasha claws you but does no damage.
You closely miss Natasha.
Natasha is severely wounded.
Natasha claws you.
You hit Natasha but do no damage.
Natasha is severely wounded.
Natasha claws you!
You hit Natasha. You burn Natasha.
Natasha is almost dead.
Natasha claws you.
You are too injured to fight recklessly!
You closely miss Natasha.
Natasha is almost dead.
Natasha is no longer more vulnerable to fire.
Natasha claws you!
* * * LOW HITPOINT WARNING * * *
You hit Natasha but do no damage.
Natasha is almost dead.
Natasha claws you.
You die...

... #.. #.. #.. #..
#.. ###.#..#####
.......@...#
######h###.# . ...
#.# #.......########
#.# #..............#
#.#
#..............###.#
#..................#
#..............#####
#.....)........#


You could see Natasha.

Vanquished Creatures
  3 ball pythons (D:1)
  2 endoplasms (D:1)
  2 giant cockroaches (D:1)
  2 goblins (D:1)
  4 hobgoblins (D:1)
  5 jackals (D:1)
  A quokka (D:1)
  A bat (D:1)
  A frilled lizard (D:1)
  4 kobolds (D:1)
  3 rats (D:1)
28 creatures vanquished.

Notes
Turn   | Place    | Note
-------+----------+-------------------------------------------
     0 | D:1      | Zenkrye the Human Cinder Acolyte began the quest for the
                  | Orb.
     0 | D:1      | Reached XP level 1. HP: 18/18 MP: 2/2
   165 | D:1      | Reached XP level 2. HP: 23/24 MP: 3/3
   176 | D:1      | Learned a level 2 spell: Scorch
   553 | D:1      | Reached skill level 4 in Polearms
   553 | D:1      | Reached XP level 3. HP: 28/29 MP: 4/4
  1104 | D:2      | Noticed Natasha
  1111 | D:2      | Slain by Natasha

Illustrated notes

Levels and vault maps discovered:
D:1:      eino_arrival_water_cross, layout_loops_corners
D:2:      layout_basic, basic_ecumenical_altar, dk_vineyard_3,
          minmay_misc_feat_pillars, uniq_natasha

Skill      XL: |  1  2 |
---------------+-------+-----
Polearms       | 4 |  4.3
Fighting       | |  3.0
Spellcasting   | |  1.0
Fire Magic     | |  3.0

Action                     || total
---------------------------++-------
  Melee: Spear             ||   103
  Throw: Javelin           ||     2
   Cast: Scorch            ||     4
    Use: Scroll            ||     1
   Stab: Sleeping          ||     2
 Armour: Robe              ||    17
         Ring mail         ||     2
  Dodge: Dodged            ||    48

Table legend: (Time is in decaauts)
 A = Elapsed time spent in this place.
 B = Non-inter-level travel time spent in this place.
 C = Inter-level travel time spent in this place.
 D = Time resting spent in this place.
 E = Time spent auto-exploring this place.
 F = Levels seen in this place.
 G = Mean time per level.
                   A        B        C        D        E       F      G
               +--------+--------+--------+--------+--------+-----+--------+
         Total |   1103 |   1062 |     41 |      0 |    836 |   2 |  551.5 |
       Dungeon |   1103 |   1062 |     41 |      0 |    836 |   2 |  551.5 |
               +--------+--------+--------+--------+--------+-----+--------+

Top non-repeatable levels by time:
     D:1: 1060 daAuts
     D:2: 42 daAuts
